PAAA
SUNSET DISTRICT FOG @ BAKERSFIELD NOBLES
05/29/2025
 
TOP OF THE 1ST
Sunset District Fog batting - Pitching for Bakersfield Nobles : LHP James Scott
Pitching: LHP James Scott
Batting: RHB Reginald Kalkman 0-0: Ball
1-0: Foul Ball, location: 2F
1-1: Fly out, F9 (Flyball, 9)
Batting: RHB Jim Lee 0-0: Ball
1-0: Called Strike
1-1: Foul Ball, location: 2F
1-2: Ball
2-2: SINGLE (Groundball, 6MD)
Batting: RHB Simon Yusaf Khel 0-0: Called Strike
Jim Lee steals 2nd base
0-1: Swinging Strike
0-2: Ball
1-2: Ball
2-2: Ball
3-2: Strikes out looking
Batting: RHB Manuel Rodríguez 0-0: Called Strike
0-1: Ball
1-1: SINGLE (Groundball, 34D)
Jim Lee to third
Runner from 3rd tries for Home, SAFE, no throw
Batting: LHB Pedro Tapia 0-0: Ball
1-0: Foul Ball, location: 2F
1-1: Called Strike
1-2: Ball
2-2: Ball
Manuel Rodríguez is caught stealing 2nd base
Top of the 1st over - 1 run(s), 2 hit(s), 0 error(s), 0 left on base; Sunset District 1 - Bakersfield 0
BOTTOM OF THE 1ST
Bakersfield Nobles batting - Pitching for Sunset District Fog : RHP Júlio Martínez
Pitching: RHP Júlio Martínez
Batting: RHB Miguel Márquez 0-0: SINGLE (Line Drive, 7S)
Batting: RHB Lloyd Alberink 0-0: Ball
1-0: Foul Ball, location: 2F
1-1: Fly out, F8 (Line Drive, 8LM)
Batting: RHB Floyd Mitchell 0-0: Ball
Miguel Márquez is caught stealing 2nd base
1-0: Ground out 6-3 (Groundball, 56)
Bottom of the 1st over - 0 run(s), 1 hit(s), 0 error(s), 0 left on base; Sunset District 1 - Bakersfield 0
TOP OF THE 2ND
Sunset District Fog batting - Pitching for Bakersfield Nobles : LHP James Scott
Batting: LHB Pedro Tapia 0-0: Ball
1-0: Foul Ball, location: 2F
1-1: Foul Ball, location: 2F
1-2: Fly out, F7 (Flyball, 78D)
Batting: RHB José Vargas 0-0: Called Strike
0-1: Ground out 6-3 (Groundball, 6)
Batting: RHB Miguel Fernández 0-0: Called Strike
0-1: Called Strike
0-2: Strikes out swinging
Top of the 2nd over - 0 run(s), 0 hit(s), 0 error(s), 0 left on base; Sunset District 1 - Bakersfield 0
BOTTOM OF THE 2ND
Bakersfield Nobles batting - Pitching for Sunset District Fog : RHP Júlio Martínez
Batting: RHB Arlen Joysey 0-0: Called Strike
0-1: Called Strike
0-2: Strikes out swinging
Batting: LHB Mike Russell 0-0: Called Strike
0-1: Called Strike
0-2: Ball
1-2: Ground out 6-3 (Groundball, 6)
Batting: SHB Stephen Dowell 0-0: Ball
1-0: Ball
2-0: Called Strike
2-1: Foul Ball, location: 2F
2-2: Strikes out swinging
Bottom of the 2nd over - 0 run(s), 0 hit(s), 0 error(s), 0 left on base; Sunset District 1 - Bakersfield 0
TOP OF THE 3RD
Sunset District Fog batting - Pitching for Bakersfield Nobles : LHP James Scott
Batting: RHB Ricardo Téllez 0-0: Ball
1-0: Swinging Strike
1-1: Ball
2-1: Called Strike
2-2: Foul Ball, location: 2F
2-2: Fly out, F7 (Line Drive, 7S)
Batting: LHB Bryce Reilly 0-0: Called Strike
0-1: Ball
1-1: Ball
2-1: Swinging Strike
2-2: Ball
3-2: Strikes out swinging
Batting: RHB Reginald Kalkman 0-0: Ball
1-0: Ball
2-0: Fly out, F7 (Flyball, 7)
Top of the 3rd over - 0 run(s), 0 hit(s), 0 error(s), 0 left on base; Sunset District 1 - Bakersfield 0
BOTTOM OF THE 3RD
Bakersfield Nobles batting - Pitching for Sunset District Fog : RHP Júlio Martínez
Batting: RHB Mario Blanco 0-0: Ball
1-0: Ball
2-0: Ball
3-0: Called Strike
3-1: Base on Balls
Batting: LHB Markus Richardson 0-0: Ball
1-0: Foul Ball, location: 2F
1-1: Called Strike
1-2: Fielders Choice at 2nd, 3-6 (Groundball, 3)
Batting: RHB Arnie Latham 0-0: SINGLE (Groundball, 6D)
Markus Richardson to second
Batting: RHB Miguel Márquez 0-0: Ball
1-0: Ball
2-0: Called Strike
2-1: Foul Ball, location: 2F
2-2: Ball
3-2: Reached on error, E5 (Groundball, 56)
Markus Richardson to third
Arnie Latham to second
Batting: RHB Lloyd Alberink 0-0: Fielders Choice at 2nd, 5-4 (Groundball, 56)
Markus Richardson scores
Arnie Latham to third
Batting: RHB Floyd Mitchell 0-0: Ball
1-0: Ball
2-0: Foul Ball, location: 2F
2-1: Ball
3-1: Base on Balls
Lloyd Alberink to second
Batting: RHB Arlen Joysey 0-0: Ball
1-0: Called Strike
1-1: Foul Ball, location: 2F
1-2: Foul Ball, location: 2F
1-2: Fielders Choice at 2nd, 6-4 (Groundball, 6)
Bottom of the 3rd over - 1 run(s), 1 hit(s), 1 error(s), 2 left on base; Sunset District 1 - Bakersfield 1
TOP OF THE 4TH
Sunset District Fog batting - Pitching for Bakersfield Nobles : LHP James Scott
Batting: RHB Jim Lee 0-0: Ball
1-0: Ball
2-0: Called Strike
2-1: Foul Ball, location: 2F
2-2: Ground out 5-3 (Groundball, 5S)
Batting: RHB Simon Yusaf Khel 0-0: Foul Ball, location: 2F
0-1: SINGLE (Line Drive, 8RS)
Batting: RHB Manuel Rodríguez 0-0: Called Strike
0-1: Ball
1-1: Ball
2-1: Ball
3-1: Foul Ball, location: 2F
3-2: Base on Balls
Simon Yusaf Khel to second
Batting: LHB Pedro Tapia 0-0: Swinging Strike
0-1: Fly out, F7 (Flyball, 7LM)
Batting: RHB José Vargas 0-0: Called Strike
0-1: Ground out 4-3 (Groundball, 4)
Top of the 4th over - 0 run(s), 1 hit(s), 0 error(s), 2 left on base; Sunset District 1 - Bakersfield 1
BOTTOM OF THE 4TH
Bakersfield Nobles batting - Pitching for Sunset District Fog : RHP Júlio Martínez
Batting: LHB Mike Russell 0-0: Foul Ball, location: 2F
0-1: Ground out U3 (Groundball, 34)
Batting: SHB Stephen Dowell 0-0: Ball
1-0: Ground out 4-3 (Groundball, 4S)
Batting: RHB Mario Blanco 0-0: SINGLE (Groundball, 6MD)
Batting: LHB Markus Richardson 0-0: Foul Ball, location: 2F
0-1: Foul Ball, location: 2F
0-2: Ball
1-2: Fielders Choice at 2nd, 6-4 (Groundball, 56)
Bottom of the 4th over - 0 run(s), 1 hit(s), 0 error(s), 0 left on base; Sunset District 1 - Bakersfield 1
TOP OF THE 5TH
Sunset District Fog batting - Pitching for Bakersfield Nobles : LHP James Scott
Batting: RHB Miguel Fernández 0-0: SINGLE (Groundball, 4MD) (infield hit)
Batting: RHB Ricardo Téllez 0-0: Ball
1-0: Sac Bunt - play at second, runner OUT! 1-6
Batting: LHB Bryce Reilly 0-0: Fly out, F7 (Flyball, 7S)
Batting: RHB Reginald Kalkman 0-0: Foul Ball, location: 2F
0-1: Ball
1-1: Ball
2-1: Foul Ball, location: 2F
2-2: Foul Ball, location: 2F
2-2: Strikes out swinging
Top of the 5th over - 0 run(s), 1 hit(s), 0 error(s), 1 left on base; Sunset District 1 - Bakersfield 1
BOTTOM OF THE 5TH
Bakersfield Nobles batting - Pitching for Sunset District Fog : RHP Júlio Martínez
Batting: RHB Arnie Latham 0-0: Ball
1-0: Ball
2-0: Ball
3-0: Called Strike
3-1: Foul Ball, location: 2F
3-2: Ground out 6-3 (Groundball, 6)
Batting: RHB Miguel Márquez 0-0: Ball
1-0: Swinging Strike
1-1: Ball
2-1: Ball
3-1: Called Strike
3-2: Fly out, F8 (Flyball, 8RM)
Batting: RHB Lloyd Alberink 0-0: Ball
1-0: Fly out, F7 (Line Drive, 78M)
Bottom of the 5th over - 0 run(s), 0 hit(s), 0 error(s), 0 left on base; Sunset District 1 - Bakersfield 1
TOP OF THE 6TH
Sunset District Fog batting - Pitching for Bakersfield Nobles : LHP James Scott
Batting: RHB Jim Lee 0-0: Swinging Strike
0-1: Called Strike
0-2: Strikes out swinging
Batting: RHB Simon Yusaf Khel 0-0: Swinging Strike
0-1: Ball
1-1: Ball
2-1: Ground out 6-3 (Groundball, 6S)
Batting: RHB Manuel Rodríguez 0-0: Called Strike
0-1: Foul Ball, location: 2F
0-2: SINGLE (Groundball, 56) (infield hit)
Batting: LHB Pedro Tapia 0-0: Called Strike
0-1: Ball
1-1: Swinging Strike
1-2: Ball
2-2: Ball
3-2: Foul Ball, location: 2F
3-2: Strikes out looking
Top of the 6th over - 0 run(s), 1 hit(s), 0 error(s), 1 left on base; Sunset District 1 - Bakersfield 1
BOTTOM OF THE 6TH
Bakersfield Nobles batting - Pitching for Sunset District Fog : RHP Júlio Martínez
Batting: RHB Floyd Mitchell 0-0: Called Strike
0-1: SINGLE (Flyball, 9LS)
Batting: RHB Arlen Joysey 0-0: Ball
1-0: Ball
2-0: Called Strike
2-1: Foul Ball, location: 2F
2-2: Ball
3-2: Fly out, F7 (Flyball, 7LM)
Batting: LHB Mike Russell 0-0: Ball
1-0: Foul Ball, location: 2F
1-1: Ball
2-1: Fly out, F4 (Popup, 34)
Batting: SHB Stephen Dowell 0-0: Ball
1-0: Foul Ball, location: 2F
1-1: Swinging Strike
1-2: SINGLE (Groundball, 34D)
Floyd Mitchell to second
Batting: RHB Mario Blanco 0-0: Ball
1-0: Ball
2-0: Swinging Strike
2-1: Ball
3-1: Fielders Choice at 2nd, 6-4 (Groundball, 6)
Bottom of the 6th over - 0 run(s), 2 hit(s), 0 error(s), 1 left on base; Sunset District 1 - Bakersfield 1
TOP OF THE 7TH
Sunset District Fog batting - Pitching for Bakersfield Nobles : LHP James Scott
Batting: RHB José Vargas 0-0: Ball
1-0: Called Strike
1-1: Ground out 3-1 (Groundball, 34S)
Batting: RHB Miguel Fernández 0-0: Fly out, F4 (Line Drive, 4)
Pinch Hitting: RHB Marshall Attwood 0-0: SINGLE (Line Drive, 78M)
Pinch Hitting: SHB Carlos Sánchez 0-0: Fly out, F1 (Line Drive, 13S)
Top of the 7th over - 0 run(s), 1 hit(s), 0 error(s), 1 left on base; Sunset District 1 - Bakersfield 1
BOTTOM OF THE 7TH
Bakersfield Nobles batting - Pitching for Sunset District Fog : RHP Júlio Martínez
Now at 1B: Marshall Attwood
Now at 2B: Carlos Sánchez
Pinch Hitting: LHB Emery Miller 0-0: Swinging Strike
0-1: Foul Ball, location: 2F
0-2: Ball
1-2: Ball
2-2: Foul Ball, location: 2F
2-2: Ball
3-2: Ground out 4-3 (Groundball, 34)
Pinch Hitting: SHB Ray Davis 0-0: Ball
1-0: SINGLE (Flyball, 78S)
Batting: RHB Miguel Márquez 0-0: Ball
1-0: Called Strike
1-1: Ball
2-1: Foul Ball, location: 2F
2-2: Foul Ball, location: 2F
2-2: Ball
3-2: Fly out, F7 (Flyball, 7)
Pitching: RHP Júlio Maes
Batting: RHB Lloyd Alberink 0-0: Called Strike
0-1: Foul Ball, location: 2F
0-2: Ball
1-2: DOUBLE (Line Drive, 8RM)
Ray Davis to third
Runner from 3rd tries for Home, throw and OUT!
Bottom of the 7th over - 0 run(s), 2 hit(s), 0 error(s), 1 left on base; Sunset District 1 - Bakersfield 1
TOP OF THE 8TH
Sunset District Fog batting - Pitching for Bakersfield Nobles : LHP James Scott
Now in LF: Emery Miller
Now in CF: Mike Kelly
Batting: RHB Reginald Kalkman 0-0: Foul Ball, location: 2F
0-1: Ground out 1-3 (Groundball, 13)
Batting: RHB Jim Lee 0-0: Ball
1-0: Ball
2-0: Ball
3-0: Base on Balls
Pitching: RHP Earnest Casey
Batting: RHB Simon Yusaf Khel 0-0: Called Strike
0-1: Ball
1-1: Grounds into double play, 5-4-3 (Groundball, 56)
Top of the 8th over - 0 run(s), 0 hit(s), 0 error(s), 0 left on base; Sunset District 1 - Bakersfield 1
BOTTOM OF THE 8TH
Bakersfield Nobles batting - Pitching for Sunset District Fog : RHP Júlio Maes
Batting: RHB Floyd Mitchell 0-0: Foul Ball, location: 2F
0-1: Ball
1-1: Ground out 5-3 (Groundball, 5D)
Batting: RHB Arlen Joysey 0-0: Ball
1-0: Ball
2-0: Swinging Strike
2-1: Ball
3-1: Called Strike
3-2: DOUBLE (Line Drive, 78D)
Batting: LHB Mike Russell 0-0: Ball
1-0: Called Strike
1-1: Ground out 4-3 (Groundball, 4M)
Arlen Joysey to third
Batting: SHB Stephen Dowell 0-0: Called Strike
0-1: Ball
1-1: Ball
2-1: Called Strike
2-2: Ground out U3 (Groundball, 34)
Bottom of the 8th over - 0 run(s), 1 hit(s), 0 error(s), 1 left on base; Sunset District 1 - Bakersfield 1
TOP OF THE 9TH
Sunset District Fog batting - Pitching for Bakersfield Nobles : RHP Earnest Casey
Pitching: RHP Mark Deeds
Batting: RHB Manuel Rodríguez 0-0: Ball
1-0: Swinging Strike
1-1: SINGLE (Groundball, 6MD)
Pinch Hitting: SHB Albert Sánchez 0-0: Ball
1-0: Foul Ball, location: 2F
1-1: Grounds into double play, 4-6-3 (Groundball, 4)
Pinch Hitting: LHB Jim Unknown 0-0: Ball
1-0: Ball
2-0: Swinging Strike
2-1: Fly out, F5 (Line Drive, 56S)
Top of the 9th over - 0 run(s), 1 hit(s), 0 error(s), 0 left on base; Sunset District 1 - Bakersfield 1
BOTTOM OF THE 9TH
Bakersfield Nobles batting - Pitching for Sunset District Fog : RHP Júlio Maes
Pitching: RHP Gil Brown
Now at C: Manuel Martínez
Now in RF: Jim Unknown
Pinch Hitting: RHB Logan Cole 0-0: Called Strike
0-1: Swinging Strike
0-2: Foul Ball, location: 2F
0-2: SINGLE (Flyball, 8RS)
Batting: LHB Emery Miller 0-0: Ball
1-0: Sac Bunt - play at second, runner OUT! 5-6
Batting: RHB Mike Kelly 0-0: Ball
1-0: Foul Ball, location: 2F
1-1: Ball
2-1: Ball
3-1: Called Strike
3-2: Strikes out swinging
Batting: RHB Miguel Márquez 0-0: Ball
1-0: Foul Ball, location: 2F
1-1: Fly out, F4 (Line Drive, 4M)
Bottom of the 9th over - 0 run(s), 1 hit(s), 0 error(s), 1 left on base; Sunset District 1 - Bakersfield 1
TOP OF THE 10TH
Sunset District Fog batting - Pitching for Bakersfield Nobles : RHP Mark Deeds
Now at 2B: Dong-po Tien
Batting: RHB Miguel Fernández 0-0: Foul Ball, location: 2F
0-1: Ball
1-1: Fly out, F8 (Flyball, 8LM)
Batting: RHB Marshall Attwood 0-0: Ball
1-0: Foul Ball, location: 2F
1-1: Foul Ball, location: 2F
1-2: Ball
2-2: Fly out, F9 (Flyball, 89M)
Batting: SHB Carlos Sánchez 0-0: Ball
1-0: Ball
2-0: Ball
3-0: Called Strike
3-1: Called Strike
3-2: Base on Balls
Batting: RHB Reginald Kalkman 0-0: Ball
Carlos Sánchez steals 2nd base
1-0: Foul Ball, location: 2F
1-1: Foul Ball, location: 2F
1-2: Ground out 6-3 (Groundball, 6)
Top of the 10th over - 0 run(s), 0 hit(s), 0 error(s), 1 left on base; Sunset District 1 - Bakersfield 1
BOTTOM OF THE 10TH
Bakersfield Nobles batting - Pitching for Sunset District Fog : RHP Gil Brown
Batting: RHB Lloyd Alberink 0-0: Ball
1-0: Ground out 6-3 (Groundball, 6)
Batting: RHB Floyd Mitchell 0-0: Called Strike
0-1: Foul Ball, location: 2F
0-2: Strikes out looking
Batting: RHB Arlen Joysey 0-0: Ball
1-0: Fly out, F5 (Popup, 5)
Bottom of the 10th over - 0 run(s), 0 hit(s), 0 error(s), 0 left on base; Sunset District 1 - Bakersfield 1
TOP OF THE 11TH
Sunset District Fog batting - Pitching for Bakersfield Nobles : RHP Mark Deeds
Batting: RHB Jim Lee 0-0: Foul Ball, location: 2F
0-1: Foul Ball, location: 2F
0-2: Ball
1-2: Ground out 6-3 (Groundball, 6)
Batting: RHB Simon Yusaf Khel 0-0: Ball
1-0: SINGLE (Line Drive, 89M)
Batting: RHB Manuel Rodríguez 0-0: Ground out U3 (Groundball, 3S)
Simon Yusaf Khel to second
Batting: RHB Manuel Martínez 0-0: Called Strike
0-1: Fly out, F2 (Popup, 3S)
Top of the 11th over - 0 run(s), 1 hit(s), 0 error(s), 1 left on base; Sunset District 1 - Bakersfield 1
BOTTOM OF THE 11TH
Bakersfield Nobles batting - Pitching for Sunset District Fog : RHP Gil Brown
Pitching: LHP Jim Unknown
Pinch Hitting: RHB Jason Ruffin 0-0: SINGLE (Line Drive, 78S)
Batting: SHB Stephen Dowell 0-0: Bunted foul
0-1: Ball
1-1: Bunted foul
1-2: Ball
2-2: Grounds into double play, 6-4-3 (Groundball, 6)
Batting: RHB Dong-po Tien 0-0: Swinging Strike
0-1: Foul Ball, location: 2F
0-2: Strikes out swinging, 2-3 out at first.
Bottom of the 11th over - 0 run(s), 1 hit(s), 0 error(s), 0 left on base; Sunset District 1 - Bakersfield 1
TOP OF THE 12TH
Sunset District Fog batting - Pitching for Bakersfield Nobles : RHP Mark Deeds
Now in LF: Jason Ruffin
Batting: LHB Jim Unknown 0-0: Called Strike
0-1: Ball
1-1: Swinging Strike
1-2: Ball
2-2: Ball
3-2: Strikes out swinging
Batting: RHB Miguel Fernández 0-0: Ball
1-0: Ball
2-0: Called Strike
2-1: Foul Ball, location: 2F
2-2: Fly out, F4 (Popup, 4S)
Batting: RHB Marshall Attwood 0-0: Called Strike
0-1: Ball
1-1: Called Strike
1-2: Foul Ball, location: 2F
1-2: Ball
2-2: Foul Ball, location: 2F
2-2: SINGLE (Line Drive, 6MD)
Pitching: RHP León Vásquez
Batting: SHB Carlos Sánchez 0-0: Called Strike
0-1: SINGLE (Line Drive, 7LM)
Marshall Attwood to second
Pinch Runner at 2nd Duffy McSwiggin:
Batting: RHB Reginald Kalkman 0-0: Ball
1-0: Fielders Choice at 2nd, 6-4 (Groundball, 6)
Top of the 12th over - 0 run(s), 2 hit(s), 0 error(s), 1 left on base; Sunset District 1 - Bakersfield 1
BOTTOM OF THE 12TH
Bakersfield Nobles batting - Pitching for Sunset District Fog : LHP Jim Unknown
Now at 1B: Duffy McSwiggin
Batting: LHB Emery Miller 0-0: Ball
1-0: Ball
2-0: Called Strike
2-1: Foul Ball, location: 2F
2-2: Ball
3-2: Fly out, F3 (Popup, 3)
Batting: RHB Mike Kelly 0-0: Ground out 6-3 (Groundball, 6)
Batting: RHB Miguel Márquez 0-0: Called Strike
0-1: Swinging Strike
0-2: Ground out 5-3 (Groundball, 56S)
Bottom of the 12th over - 0 run(s), 0 hit(s), 0 error(s), 0 left on base; Sunset District 1 - Bakersfield 1
TOP OF THE 13TH
Sunset District Fog batting - Pitching for Bakersfield Nobles : RHP León Vásquez
Batting: RHB Jim Lee 0-0: Fly out, F6 (Line Drive, 6)
Batting: RHB Simon Yusaf Khel 0-0: Ball
1-0: Called Strike
1-1: Ball
2-1: Ball
3-1: Fly out, F7 (Flyball, 78S)
Batting: RHB Manuel Rodríguez 0-0: Swinging Strike
0-1: Fly out, F9 (Line Drive, 9D)
Top of the 13th over - 0 run(s), 0 hit(s), 0 error(s), 0 left on base; Sunset District 1 - Bakersfield 1
BOTTOM OF THE 13TH
Bakersfield Nobles batting - Pitching for Sunset District Fog : LHP Jim Unknown
Pitching: RHP José Caballero
Batting: RHB Lloyd Alberink 0-0: Ball
1-0: Swinging Strike
1-1: Ground out 6-3 (Groundball, 6)
Batting: RHB Floyd Mitchell 0-0: Ball
1-0: Ball
2-0: Ball
3-0: Base on Balls
Batting: RHB Arlen Joysey 0-0: Called Strike
0-1: Grounds into double play, 5-4-3 (Groundball, 56)
Bottom of the 13th over - 0 run(s), 0 hit(s), 0 error(s), 0 left on base; Sunset District 1 - Bakersfield 1
TOP OF THE 14TH
Sunset District Fog batting - Pitching for Bakersfield Nobles : RHP León Vásquez
Batting: RHB Manuel Martínez 0-0: Ball
1-0: Fly out, F8 (Line Drive, 8LM)
Batting: LHB Jim Unknown 0-0: Fly out, F7 (Flyball, 78S)
Batting: RHB Miguel Fernández 0-0: Ball
1-0: Ball
2-0: Ball
3-0: Called Strike
3-1: Called Strike
3-2: Ground out 6-3 (Groundball, 6D)
Top of the 14th over - 0 run(s), 0 hit(s), 0 error(s), 0 left on base; Sunset District 1 - Bakersfield 1
BOTTOM OF THE 14TH
Bakersfield Nobles batting - Pitching for Sunset District Fog : RHP José Caballero
Batting: RHB Jason Ruffin 0-0: Called Strike
0-1: Swinging Strike
0-2: Ball
1-2: Ball
2-2: Ball
3-2: Base on Balls
Batting: SHB Stephen Dowell 0-0: Ball
1-0: Sac Bunt - play at first, batter OUT! 1-4
Jason Ruffin to second
Batting: RHB Dong-po Tien 0-0: Ball
1-0: Called Strike
1-1: Ball
2-1: Called Strike
2-2: Strikes out swinging
Batting: LHB Emery Miller 0-0: Ball
1-0: Called Strike
1-1: Foul Ball, location: 2F
1-2: Fly out, F7 (Flyball, 7S)
Bottom of the 14th over - 0 run(s), 0 hit(s), 0 error(s), 1 left on base; Sunset District 1 - Bakersfield 1
TOP OF THE 15TH
Sunset District Fog batting - Pitching for Bakersfield Nobles : RHP León Vásquez
Pinch Hitting: LHB Randy Daugherty 0-0: Foul Ball, location: 2F
0-1: Called Strike
0-2: Ball
1-2: Ground out 4-3 (Groundball, 4)
Batting: SHB Carlos Sánchez 0-0: Fly out, F5 (Popup, 56S)
Batting: RHB Reginald Kalkman 0-0: Swinging Strike
0-1: Fly out, F3 (Popup, 3L)
Top of the 15th over - 0 run(s), 0 hit(s), 0 error(s), 0 left on base; Sunset District 1 - Bakersfield 1
BOTTOM OF THE 15TH
Bakersfield Nobles batting - Pitching for Sunset District Fog : RHP José Caballero
Now at 1B: Randy Daugherty
Batting: RHB Mike Kelly 0-0: Swinging Strike
0-1: Called Strike
0-2: Ball
1-2: Ball
2-2: Ground out 4-3 (Groundball, 34)
Pitching: LHP Xavier Perea
Batting: RHB Miguel Márquez 0-0: Ball
1-0: Foul Ball, location: 2F
1-1: Ball
2-1: Swinging Strike
2-2: Foul Ball, location: 2F
2-2: Ball
3-2: Base on Balls
Batting: RHB Lloyd Alberink 0-0: Called Strike
0-1: Ball
1-1: Ball
2-1: SINGLE (Groundball, 6MD)
Miguel Márquez to second
Runner from 2nd tries for 3rd, OUT!
Lloyd Alberink to second
Batting: RHB Floyd Mitchell 0-0: SINGLE (Flyball, 7LS)
Lloyd Alberink to third
Runner from 3rd tries for Home, SAFE, no throw
Friday, December 30th, 2016 - OOTP Baseball 17.12 Build 75